 Dungeon Crawl Stone Soup version 0.22-a0-40-g3d2f077 (webtiles) character file.

308 KristoblXynda the Charmwright (level 6, -1/30 HPs)
             Began as a Spriggan Skald on Jan 4, 2018.
             Slain by an iguana (8 damage)
             ... on level 4 of the Dungeon.
             The game lasted 00:09:22 (4793 turns).

KristoblXynda the Charmwright (Spriggan Skald)      Turns: 4793, Time: 00:09:23

Health: -1/30      AC:  3    Str:  8    XL:     6   Next: 17%
Magic:  3/12       EV: 20    Int: 15    God:
Gold:   254        SH:  0    Dex: 16    Spells: 4/11 levels left

rFire    . . .     SeeInvis +   n - +0 dagger
rCold    . . .     Gourm    .   (shield restricted)
rNeg     . . .     Faith    .   b - +0 robe
rPois    .         Spirit   .   (helmet restricted)
rElec    .         Reflect  .   x - +0 cloak
rCorr    .         Harm     .   (gloves unavailable)
MR       +....                  (boots unavailable)
Stlth    ++........             (no amulet)
HPRegen  0.10/turn              (no ring)
MPRegen  0.13/turn              h - +3 ring of slaying

@: infused, very quick
A: very small, unfitting armour, see invisible, herbivore, speed 3, slow
metabolism 2
a: no special abilities


You were on level 4 of the Dungeon.
You were not hungry.

You visited 1 branch of the dungeon, and saw 4 of its levels.

You collected 254 gold pieces.

Inventory:

Hand Weapons
 n - a +0 dagger (weapon)
Missiles
 v - 2 throwing nets (quivered)
Armour
 b - a +0 robe (worn)
 x - a +0 cloak (worn)
Jewellery
 h - a +3 ring of slaying (right hand)
Scrolls
 e - 4 scrolls of identify {unknown}
 f - a scroll of remove curse
 g - a scroll of magic mapping {unknown}
 i - a scroll of blinking {unknown}
 m - 2 scrolls of fog
 o - 2 scrolls of noise {unknown}
 r - 3 scrolls of amnesia
 t - 2 scrolls of teleportation {unknown}
 y - a scroll of enchant armour {unknown}
Potions
 a - a potion of curing {unknown}
 j - a potion of haste {unknown}
 k - a potion of might {unknown}
 l - a potion of heal wounds
 p - a potion of magic {unknown}
 q - a potion of lignification {unknown}
 s - a potion of flight {unknown}
 u - a potion of mutation {unknown}
 w - a potion of brilliance {unknown}
 z - a potion of resistance {unknown}
Books
 c - a book of Battle

   Spells                             Type                      Level
   a - Infusion                       Charms                       1
   b - Shroud of Golubria             Charms/Translocation         2
   c - Song of Slaying                Charms                       2
   d - Spectral Weapon                Hexes/Charms                 3
   e - Regeneration                   Charms/Necromancy            3
Comestibles
 d - 8 rations


   Skills:
 - Level 1.5 Fighting
 + Level 4.3 Short Blades
 - Level 5.0 Dodging
 + Level 3.3 Stealth
 + Level 3.4 Spellcasting
 + Level 6.5 Charms


You had 4 spell levels left.
You knew the following spells:

 Your Spells              Type           Power        Failure   Level  Hunger
a - Infusion              Chrm           ###.         1%          1    None
b - Regeneration          Chrm/Necr      ##........   14%         3    ###....
c - Spectral Weapon       Hex/Chrm       ##......     14%         3    ###....


Dungeon Overview and Level Annotations

Branches:
Dungeon (4/15)
 Temple: D:4-7

Altars:
Cheibriados
Hepliaklqana

Annotations:
D:4 Dowan, Duvessa


Innate Abilities, Weirdness & Mutations

You are very small and have problems with some larger weapons.
You are too small for most types of armour.
You have supernaturally acute eyesight. (SInv)
You are a herbivore.
You cover ground extremely quickly.
You need consume almost no food.


Message History

You barely miss the iguana. The iguana barely misses you.
You hit the iguana.
The iguana is lightly wounded.
The iguana misses you.
You hit the iguana.
The iguana is moderately wounded.
The iguana closely misses you.
You hit the iguana.
The iguana is heavily wounded.
You barely miss the iguana.
The iguana is heavily wounded.
The iguana misses you.
You hit the iguana.
The iguana is severely wounded.
The iguana bites you! The phantom hits you.
* * * LOW HITPOINT WARNING * * *
You closely miss the phantom.
The phantom is severely damaged.
The iguana bites you!
You die...

#.....# #.....#
#############
#.....###.....#.....##
#....†##.............##
#...<.#...............#
##.....#...........>...#
#......#...............#
#.##..##...............#
###.#........@W..........#
#............l...........#
#.#.....(...............##
#.#..............#.....##
####.#.........#...########
.................###
####.#.........#######
#..#...............#
#l##.........####..#


You could see a phantom and an iguana.

Vanquished Creatures
  Crazy Yiuf (D:3)
  An iguana (D:4)
  2 orc wizards (D:4)
  6 gnolls
  6 adders
  2 oozes (D:1)
  2 worms (D:3)
  A dart slug (D:2)
  4 leopard geckos
  3 orcs (D:4)
  3 giant cockroaches
  8 hobgoblins
  4 jackals (D:3)
  A quokka (D:2)
  8 ball pythons
  6 bats
  4 frilled lizards
  6 goblins
  8 kobolds
  8 rats
  A fungus (D:3)
85 creatures vanquished.

Notes
Turn   | Place    | Note
-------+----------+-------------------------------------------
     0 | D:1      | KristoblXynda the Spriggan Skald began the quest for the Orb.
     0 | D:1      | Reached XP level 1. HP: 10/10 MP: 5/5
   368 | D:1      | Reached XP level 2. HP: 8/14 MP: 0/6
  1631 | D:1      | Reached skill level 5 in Charms
  1743 | D:1      | Reached XP level 3. HP: 10/18 MP: 2/8
  1881 | D:1      | Learned a level 3 spell: Regeneration
  1885 | D:1      | Learned a level 3 spell: Spectral Weapon
  2202 | D:2      | Reached XP level 4. HP: 13/22 MP: 4/9
  2558 | D:2      | Reached skill level 5 in Dodging
  2607 | D:2      | Found a hazy altar of Hepliaklqana.
  2858 | D:3      | Reached skill level 1 in Stealth
  3131 | D:3      | Reached XP level 5. HP: 20/25 MP: 6/10
  3143 | D:3      | Reached skill level 6 in Charms
  3851 | D:3      | Found a runed door.
  3855 | D:3      | Noticed Crazy Yiuf
  3882 | D:3      | Killed Crazy Yiuf
  4428 | D:4      | Noticed Duvessa
  4428 | D:4      | Noticed a phantom
  4541 | D:4      | Noticed Dowan
  4599 | D:4      | Reached XP level 6. HP: 26/30 MP: 0/12
  4609 | D:4      | Found a snail-covered altar of Cheibriados.
  4793 | D:4      | Slain by an iguana

Vault maps used:
D:1:      minmay_arrival_up_and_down
D:2:      lemuel_round_altar, serial_corexii_hall, corexii_hall_statues_s,
          corexii_hall_statues_deadend, minmay_shallow_snake_nest
D:3:      uniq_crazy_yiuf_cottage
D:4:      nicolae_overflow_crystal_walls, first_ration, tso_metal_star,
          uniq_duvessa, uniq_sigmund, uniq_pikel

Skill      XL: |  1  2  3  4  5 |
---------------+----------------+-----
Dodging        | 4 5 |  5.0
Charms         | 5 6 |  6.5
Short Blades   | 3 4 |  4.3
Stealth        | 1 3 |  3.3
Spellcasting   | 3 |  3.4
Fighting       | |  1.5

Action                   |  1- 3 |  4- 6 || total
-------------------------+-------+-------++-------
Melee: Short sword       |   125 |    33 ||   158
       Dagger            |       |   167 ||   167
 Cast: Infusion          |     8 |    16 ||    24
       Regeneration      |       |     3 ||     3
  Use: Scroll            |       |     3 ||     3
       Potion            |       |     1 ||     1
  Eat: Ration            |       |     2 ||     2
Armor: Robe              |     7 |    11 ||    18
Dodge: Dodged            |   116 |   133 ||   249

Table legend:
 A = Spawn XP
 B = Non-spawn XP
 C = Spawn XP percentage of total XP
 D = Spawn monster count
 E = Non-spawn monster count
 F = Spawn count percentage of total count
 G = Total turns spent on level
                    A         B        C        D         E        F      G
               +---------+---------+-------+---------+---------+-------+---------
         Total |       0 |     441 |   0.0 |       0 |      84 |   0.0 |  4793
               +---------+---------+-------+---------+---------+-------+---------
           D:1 |       0 |      47 |   0.0 |       0 |      24 |   0.0 |  2077
           D:2 |       0 |     118 |   0.0 |       0 |      26 |   0.0 |   773
           D:3 |       0 |     163 |   0.0 |       0 |      28 |   0.0 |  1575
           D:4 |       0 |     113 |   0.0 |       0 |       6 |   0.0 |   368
               +---------+---------+-------+---------+---------+-------+---------
